 Dungeon Crawl Stone Soup version 0.29.1-13-g9f3cf754e1 (webtiles) character file.

Game seed: 11816432932407731465

62986 nonceun the Severer (level 14, -9/135 HPs)
             Began as a Minotaur Berserker on Feb 5, 2023.
             Was an Elder of Trog.
             Killed by divine providence
             ... invoked by a meliai
              (13 damage)
             ... on level 14 of the Dungeon.
             The game lasted 01:41:48 (25038 turns).

nonceun the Severer (Minotaur Berserker)           Turns: 25038, Time: 01:41:48

Health: -9/135     AC: 25    Str: 28    XL:     14   Next: 66%
Magic:  13/13      EV:  9    Int:  4    God:    Trog [****..]
Gold:   1380       SH: 10    Dex:  9    Spells: 13/13 levels left

rFire   + + .      SeeInvis .   a - +5 broad axe (flame)
rCold   x x .      Faith    .   O - +0 kite shield
rNeg    . . .      Spirit   .   z - +1 plate armour {rPois}
rPois   +          Reflect  .   J - +2 hat {Stlth+}
rElec   .          Harm     .   P - +0 cloak
rCorr   .          Rampage  .   r - +1 pair of gloves
Will    +++..                   E - +1 pair of boots
Stlth   ..........              (no amulet)
HPRegen 1.32/turn               L - ring of fire
MPRegen 0.13/turn               Z - ring of fire

@: strong-willed, regenerating
A: horns 2, retaliatory headbutt, sense surroundings 1, poison resistance,
shaggy fur 1, subdued magic 1
a: Renounce Religion, Berserk, Trog's Hand, Brothers in Arms


You were on level 14 of the Dungeon.
You worshipped Trog.
Trog was greatly pleased with you.
You visited 2 branches of the dungeon, and saw 19 of its levels.

You collected 1380 gold pieces.

Inventory:

Hand Weapons
 a - a +5 broad axe of flaming (weapon)
 b - a +0 trident of venom
 w - a +2 battleaxe
Missiles
 c - 167 stones (quivered)
 H - 2 throwing nets
Armour
 q - a +1 buckler of fire resistance
 r - a +1 pair of gloves (worn)
 z - a +1 plate armour of poison resistance (worn)
 E - a +1 pair of boots (worn)
 J - a +2 hat of stealth (worn)
 O - a +0 kite shield (worn)
 P - a +0 cloak (worn)
 V - the +18 shield of the Gong {rElec rN+ Will+ EV-5}
   (You found it on level 12 of the Dungeon)

   It is deafeningly noisy when blocking attacks.
   EV:        It affects your evasion (-5).
   rElec:     It insulates you from electricity.
   rN:        It protects you from negative energy.
   Will:      It increases your willpower.
 Y - +0 acid dragon scales
Jewellery
 g - a ring of positive energy
 h - the ring "Ydwusa" {rElec rC+ rN+ Int-4}
   (You found it on level 7 of the Dungeon)

   [ring of protection from cold]

   Int:       It affects your intelligence (-4).
   rC:        It protects you from cold.
   rElec:     It insulates you from electricity.
   rN:        It protects you from negative energy.
 I - the ring of the Conjuring Gods {rPois rN+ Int+6}
   (You found it on level 9 of the Dungeon)

   [ring of poison resistance]

   Int:       It affects your intelligence (+6).
   rPois:     It protects you from poison.
   rN:        It protects you from negative energy.
 L - a ring of fire (left hand)
 U - a ring of resist corrosion
 Z - a ring of fire (right hand)
Wands
 j - a wand of digging (21)
 p - a wand of flame (20)
 A - a wand of mindburst (18)
 B - a wand of paralysis (19)
 C - a wand of polymorph (29)
 Q - a wand of quicksilver (13)
 S - a wand of iceblast (19)
Scrolls
 d - 3 scrolls of poison
 k - a scroll of immolation
 m - 4 scrolls of noise
 o - 8 scrolls of blinking
 y - 7 scrolls of teleportation
 D - 4 scrolls of magic mapping
 F - a scroll of fear {unknown}
 K - a scroll of fog
 N - 2 scrolls of silence {unknown}
 R - a scroll of enchant armour {unknown}
Potions
 e - 3 potions of attraction {unknown}
 f - 4 potions of degeneration {unknown}
 i - 5 potions of heal wounds
 l - 2 potions of flight {unknown}
 n - 2 potions of berserk rage {unknown}
 t - a potion of might
 u - 8 potions of curing
 v - 3 potions of haste
 x - 4 potions of lignification {unknown}
 G - 2 potions of resistance {unknown}
 M - a potion of mutation
 T - a potion of invisibility
 W - a potion of cancellation
Miscellaneous
 s - a tin of tremorstones (2/2)


   Skills:
 + Level 15.2 Fighting
 - Level 20.0 Axes
 + Level 10.2 Armour
 * Level 10.1 Dodging
 + Level 10.3 Shields
 * Level 5.2 Evocations


You had 13 spell levels left.
You didn't know any spells.
Your spell library contained the following spells:

 Spells                   Type           Power      Damage    Failure   Level
 Apportation              Tloc           0%         N/A       100%        1
 Sandblast                Erth           0%         2d4       100%        1
 Summon Small Mammal      Summ           0%         N/A       100%        1
 Ensorcelled Hibernation  Hex/Ice        0%         N/A       100%        2
 Passwall                 Tmut/Erth      0%         N/A       100%        2
 Call Canine Familiar     Summ           0%         N/A       100%        3
 Conjure Flame            Conj/Fire      0%         6-21      100%        3
 Dazzling Flash           Conj/Hex       0%         N/A       100%        3
 Gell's Gravitas          Tloc           0%         N/A       100%        3
 Ignite Poison            Fire/Tmut/Pois 0%         N/A       100%        3
 Stone Arrow              Conj/Erth      0%         3d7       100%        3
 Summon Guardian Golem    Hex/Summ       0%         N/A       100%        3
 Teleport Other           Tloc           0%         N/A       100%        3
 Airstrike                Air            0%         2d(0-16)  100%        4
 Animate Armour           Summ/Erth      0%         N/A       100%        4
 Iskenderun's Mystic Bla  Conj/Tloc      0%         2d3       100%        4
 Sticky Flame             Conj/Fire      0%         2d3       100%        4
 Summon Lightning Spire   Summ/Air       0%         N/A       100%        4
 Alistair's Intoxication  Tmut/Pois      0%         N/A       100%        5
 Lightning Bolt           Conj/Air       0%         1d11      100%        5
 Dispersal                Tloc           0%         N/A       100%        6
 Starburst                Conj/Fire      0%         6d3       100%        6
 Lehudib's Crystal Spear  Conj/Erth      0%         10d2      100%        8
 Summon Horrible Things   Summ           0%         N/A       100%        8


Dungeon Overview and Level Annotations

Branches:
Dungeon (14/15)            Temple (0/1) D:6            Lair (5/5) D:8
  Swamp (0/4) Lair:2        Snake (0/4) Lair:2        Slime (0/5) Lair:4
    Orc (0/2) D:11         Vaults (0/5) D:13

Altars:
Cheibriados
Hepliaklqana
Makhleb
Okawaru
Qazlal
Ru
Trog
Wu Jian
Zin
Jiyva

Shops:
D:10 =

Portals:
Trove: D:10 (give 11 potions of heal wounds)

Annotations:
D:7 exclusion: downstairs
D:14 Roxanne
Lair:5 3 runed translucent doors, !5-headed hydra, 7-headed hydra, Hairutzoic's ghost, journeyman MiBe


Innate Abilities, Weirdness & Mutations

You have a pair of horns on your head.
You reflexively headbutt those who attack you in melee.
You passively map a small area around you.
Your system is resistant to poisons. (rPois)
You are covered in fur. (AC +1)
Your spells are a little easier to cast, but a little less powerful.


Message History

Something smites you!
The meliai buzzes angrily.
You hear an angry buzzing noise.
The meliai calls down the wrath of its god upon you.
Something smites you!
A meliai comes into view. It is wielding a +0 war axe.
The meliai calls down the wrath of its god upon you.
Something smites you!
* * * LOW HITPOINT WARNING * * *
You block the meliai's attack. x2
Your skin crawls.
You feel strong-willed. The meliai misses you. You block the meliai's attack.
The meliai invokes the aid of its god against you.
Something smites you!
* * * LOW HITPOINT WARNING * * *
Your deep troll goes berserk!
Trog will no longer gift you weapons. You block the meliai's attack.
The meliai closely misses you. x2
The meliai barely misses you.
You slash the meliai! You burn the meliai.
The meliai is heavily wounded.
The meliai closely misses you. The meliai barely misses you.
The meliai calls down the wrath of its god upon you.
Something smites you!
* * * LOW HITPOINT WARNING * * *
The meliai calls down the wrath of its god upon you.
Something smites you!
* * * LOW HITPOINT WARNING * * *
You swap places.
The meliai barely misses your deep troll.
The meliai stings your deep troll!
Your deep troll is poisoned.
The meliai poisons your deep troll!
The meliai calls upon its god to heal the meliai.
The meliai is healed somewhat.
Your deep troll bites the meliai!!
The meliai dies!
Trog accepts your kill.
The meliai invokes the aid of its god against you.
Something smites you!
You die...

#.# #.# #.#* *
###.# #y..# * *
#.### * #y# ,*
.######### #T# *
.......).#######@#
,
.#######.........#
** ########### * *
* * * * * * ** *
,,


You could see 2 meliai and a friendly deep troll (summoned, berserk, very
poisoned).

Vanquished Creatures
  Rupert (D:14)
  Gastronok (D:9)
  7 boulder beetles
  4 hydras
  5 centaur warriors
  An ogre mage (D:13)
  8 two-headed ogres
  8 death yaks
  A swamp dragon (Lair:2)
  A deep troll (D:14)
  A lindwurm (Lair:5)
  The ghost of AverageBear the Protected, a novice FoFi of Cheibriados (D:7)
  A deep elf pyromancer (D:14)
  5 cyclopes
  3 elephants (Lair:4)
  4 ugly things
  A manticore (D:12)
  2 vault sentinels (D:12)
  4 black mambas
  2 molten gargoyles (Lair:5)
  2 gargoyles
  13 cane toads
  2 kobold demonologists (D:13)
  An unseen horror (D:13)
  Psyche (D:9)
  A demonic crawler (Lair:1)
  A freezing wraith (D:14)
  12 komodo dragons
  3 rime drakes
  5 trolls
  A polar bear (Lair:3)
  A hornet (D:9)
  A blink frog (shapeshifter) (D:14)
  Grinder (D:5)
  5 blink frogs (Lair:4)
  A wraith (D:10)
  A shadow (D:13)
  48 yaks
  A vampire (D:11)
  Eustachio (D:6)
  6 basilisks
  4 wyverns
  6 steam dragons
  2 swamp worms (Lair:1)
  4 nagas (Lair:2)
  An acid dragon (D:10)
  10 water moccasins
  5 hell hounds (Lair:5)
  7 orc warriors
  2 ice beasts
  2 black bears
  2 ogres (D:11)
  3 wolves (Lair:4)
  An ogre (shapeshifter) (D:13)
  15 centaurs
  8 kobold brigands
  A phantom (D:7)
  6 gnoll sergeants
  9 bullfrogs
  2 scorpions
  16 wights
  3 killer bees (D:9)
  8 electric eels
  7 howler monkeys
  5 lava snakes (Lair:5)
  A jelly (D:6)
  6 orc priests
  A gnoll bouda (D:10)
  2 hounds
  6 iguanas
  10 orc wizards
  27 gnolls
  4 adders
  4 shadow imps
  5 worms
  The ghost of Esekla the Sneak, a weakling OpDe (D:5)
  3 dart slugs
  29 orcs
  9 endoplasms
  15 giant cockroaches
  7 goblins
  6 hobgoblins
  7 jackals
  3 quokkas
  10 ball pythons
  A bat (D:3)
  A frilled lizard (D:1)
  9 kobolds
  6 rats
471 creatures vanquished.

Vanquished Creatures (collateral kills)
  A meliai (D:14)
1 creature vanquished.

Vanquished Creatures (others)
  An orc wizard (D:5)
  31 fungi
  30 plants
62 creatures vanquished.

Grand Total: 534 creatures vanquished

Notes
Turn   | Place    | Note
-------+----------+-------------------------------------------
     0 | D:1      | nonceun the Minotaur Berserker began the quest for the Orb.
     0 | D:1      | Reached XP level 1. HP: 19/19 MP: 0/0
    86 | D:1      | Reached skill level 4 in Axes
   189 | D:1      | Reached XP level 2. HP: 18/26 MP: 1/1
   681 | D:1      | Reached skill level 5 in Axes
   937 | D:2      | Reached XP level 3. HP: 31/31 MP: 2/2
   943 | D:2      | Found a faded altar of an unknown god.
  1018 | D:2      | Reached ** piety under Trog
  1504 | D:2      | Identified the +2 robe of the Poles {SInv}
  1580 | D:2      | Reached skill level 6 in Axes
  1580 | D:2      | Reached XP level 4. HP: 37/39 MP: 3/3
  2290 | D:3      | Reached XP level 5. HP: 43/45 MP: 4/4
  2394 | D:3      | Reached skill level 7 in Axes
  2880 | D:4      | Found a stormy altar of Qazlal.
  2880 | D:4      | Found an ornate altar of the Wu Jian Council.
  3160 | D:4      | Reached *** piety under Trog
  3399 | D:5      | Entered Level 5 of the Dungeon
  3401 | D:5      | Noticed Esekla's ghost (weakling OpDe)
  3461 | D:5      | Reached skill level 8 in Axes
  3467 | D:5      | Reached XP level 6. HP: 51/51 MP: 5/5
  3476 | D:5      | Found a runed translucent door.
  3546 | D:5      | Killed Esekla's ghost
  3583 | D:5      | Reached skill level 9 in Axes
  4132 | D:5      | Reached XP level 7. HP: 55/57 MP: 6/6
  4171 | D:5      | Noticed Grinder
  4242 | D:6      | Reached skill level 10 in Axes
  4606 | D:6      | Noticed a gargoyle
  4627 | D:7      | Reached skill level 11 in Axes
  4670 | D:7      | Found a burning altar of Makhleb.
  4757 | D:7      | Identified the +1 trident of Unpleasantness {speed, rF+}
  4837 | D:7      | Reached skill level 5 in Fighting
  4837 | D:7      | Reached XP level 8. HP: 62/68 MP: 7/7
  4968 | D:8      | Noticed a death yak
  4968 | D:8      | Noticed a death yak
  4968 | D:8      | Noticed a death yak
  4968 | D:8      | Noticed a death yak
  4968 | D:8      | Noticed a death yak
  4968 | D:8      | Found a staircase to the Lair.
  5339 | D:7      | Reached skill level 12 in Axes
  5449 | D:7      | Found a hazy altar of Hepliaklqana.
  5454 | D:7      | Found a bloodstained altar of Trog.
  5486 | D:7      | Found a runed translucent door.
  5486 | D:7      | Noticed AverageBear's ghost (novice FoFi)
  5827 | D:7      | Noticed a red ugly thing
  5907 | D:6      | Killed a gargoyle
  5908 | D:6      | Reached skill level 13 in Axes
  6188 | D:6      | Reached XP level 9. HP: 77/79 MP: 8/8
  6314 | D:6      | Noticed Eustachio
  6369 | D:6      | Killed Eustachio
  6596 | D:6      | Found a staircase to the Ecumenical Temple.
  7468 | D:8      | Reached skill level 14 in Axes
  7553 | D:8      | Reached skill level 15 in Axes
  7763 | D:9      | Reached XP level 10. HP: 65/86 MP: 9/9
  7848 | D:9      | Noticed Psyche
  7855 | D:9      | Killed Psyche
  7874 | D:9      | Identified the ring of the Conjuring Gods {rPois rN+ Int+6}
  7907 | D:9      | Noticed Gastronok
  7923 | D:9      | Killed Gastronok
  7924 | D:9      | Reached skill level 16 in Axes
  7924 | D:9      | Reached skill level 5 in Armour
  8129 | D:9      | Noticed a two-headed ogre
  8137 | D:9      | Killed a two-headed ogre
  8573 | D:8      | Reached skill level 5 in Dodging
  8764 | D:8      | Reached skill level 17 in Axes
  8772 | D:8      | Killed a death yak
  8773 | D:8      | Reached skill level 1 in Shields
  8773 | D:8      | Reached XP level 11. HP: 97/97 MP: 10/10
  8777 | D:8      | Killed a death yak
  8785 | D:8      | Killed a death yak
  8791 | D:8      | Killed a death yak
  8796 | D:8      | Killed a death yak
  9589 | Lair:1   | Entered Level 1 of the Lair of Beasts
  9605 | Lair:1   | Reached skill level 10 in Fighting
  9798 | Lair:1   | Reached skill level 18 in Axes
 10057 | Lair:1   | Reached skill level 5 in Shields
 10333 | Lair:1   | Got the Guide on Congealing Accomplices
 10742 | Lair:2   | You fall into a shaft and drop 1 floor!
 11065 | Lair:2   | Noticed an eight-headed hydra
 11070 | Lair:2   | You fall into a shaft and drop 2 floors!
 11319 | Lair:3   | Reached **** piety under Trog
 11357 | Lair:3   | Reached XP level 12. HP: 112/112 MP: 11/11
 11382 | Lair:2   | Found a staircase to the Snake Pit.
 12250 | Lair:4   | Found an iron altar of Okawaru.
 12657 | Lair:4   | Found a staircase to the Slime Pits.
 12657 | Lair:4   | Found a viscous altar of Jiyva.
 13449 | Lair:5   | Entered Level 5 of the Lair of Beasts
 13452 | Lair:5   | Found a runed translucent door.
 13454 | Lair:5   | Noticed Hairutzoic's ghost (journeyman MiBe)
 13464 | Lair:5   | Reached skill level 19 in Axes
 13786 | Lair:5   | Noticed a death yak
 13786 | Lair:5   | Noticed a death yak
 13787 | Lair:5   | Noticed a death yak
 13793 | Lair:5   | Killed a death yak
 13801 | Lair:5   | Killed a death yak
 13806 | Lair:5   | Killed a death yak
 14129 | Lair:5   | Noticed a five-headed hydra
 14425 | Lair:5   | Noticed a seven-headed hydra
 14428 | Lair:5   | Noticed a five-headed hydra
 14773 | Lair:2   | Found a staircase to the Swamp.
 14810 | Lair:2   | Reached XP level 13. HP: 120/122 MP: 12/12
 15010 | D:9      | Paralysed by a hornet for 2 turns
 15202 | D:9      | Reached ***** piety under Trog
 15272 | D:9      | Found a glowing silver altar of Zin.
 15396 | D:10     | Entered Level 10 of the Dungeon
 15702 | D:10     | Found a portal to a secret trove of treasure.
 15718 | D:10     | Identified a scroll of acquirement
 15734 | D:10     | Gained mutation: Your system is resistant to poisons.
                  | (rPois) [potion of mutation]
 15734 | D:10     | Gained mutation: Your spells are a little easier to cast,
                  | but a little less powerful. [potion of mutation]
 15734 | D:10     | Gained mutation: You are covered in fur. (AC +1) [potion of
                  | mutation]
 15734 | D:10     | Gained mutation: You passively map a small area around you.
                  | [potion of mutation]
 15960 | D:10     | Found a snail-covered altar of Cheibriados.
 15961 | D:10     | Found a sacrificial altar of Ru.
 16977 | D:10     | Found Kehadesh's One-of-a-Kind Rings.
 17363 | D:11     | Received a gift from Trog
 17978 | Lair:5   | Reached skill level 20 in Axes
 18495 | Lair:5   | Noticed a fire dragon
 18559 | Lair:5   | Reached skill level 1 in Evocations
 18737 | Lair:5   | Reached skill level 10 in Armour
 18783 | Lair:5   | Found a large runed translucent door.
 18783 | Lair:5   | Found a large runed translucent door.
 19270 | D:7      | Killed AverageBear's ghost
 19283 | D:7      | Identified the ring "Ydwusa" {rElec rC+ rN+ Int-4}
 19907 | D:5      | Killed Grinder
 20377 | D:11     | Found a staircase to the Orcish Mines.
 21496 | D:12     | Reached XP level 14. HP: 130/133 MP: 13/13
 22578 | D:12     | Found the +18 shield of the Gong {rElec rN+ Will+ EV-5}
 22824 | D:13     | Reached skill level 15 in Fighting
 23710 | D:13     | Found a transporter.
 23710 | D:13     | Found a transporter.
 23714 | D:13     | Found a transporter.
 23714 | D:13     | Found a transporter.
 23865 | D:13     | Found a gate to the Vaults.
 23873 | D:13     | Reached skill level 10 in Shields
 24420 | D:14     | Reached skill level 10 in Dodging
 24435 | D:14     | Reached skill level 5 in Evocations
 24446 | D:14     | Identified Roxanne's Commentary on Metamorphosis
 24446 | D:14     | Noticed Roxanne
 24915 | D:14     | Noticed Rupert
 24936 | D:14     | Killed Rupert
 25037 | D:14     | HP: 3/135 [meliai/divine providence (12)]
 25038 | D:14     | Killed from afar by a meliai

Illustrated notes

Levels and vault maps discovered:
D:1:      dpeg_arrival_simpleton_c, layout_loops_ring
D:2:      minmay_roachtagon, layout_loops_cross,
          hellmonk_ecumenical_altar_zigzags, chequers_serial_rivers_marsh,
          serial_park_tiny_1, minmay_pentomino_z2
D:3:      layout_loops_cross
D:4:      layout_loops_ring, gammafunk_temple_overflow_elements
D:5:      layout_basic, hellmonk_ghost_happy_afterlife, lightli_corner_chamber,
          uniq_grinder
D:6:      layout_basic, minmay_temple_entry_mist, uniq_eustachio
D:7:      layout_basic, kennysheep_little_box, grunt_temple_overflow_open,
          ebering_ghost_inner_flame, minmay_misc_feat_more_columns, minivault_1
D:8:      layout_basic, dpeg_lair_monsters, minmay_crystal_water
D:9:      layout_roguey, zin_treasury, uniq_psyche, uniq_gastronok
D:10:     layout_basic, nicolae_overflow_squiral, enter_trove_0,
          dreamdust_mushroom_princess, nicolae_shop_unique_rings
D:11:     layout_roguey, kennysheep_orc_monster_closet_entryway,
          chequers_mini_garden, kennysheep_generic_room_8
D:12:     hellmonk_ruined_rings, layout_basic, hellmonk_guarded_unrand_gong
D:13:     layout_cave_pools, david_vaults_2, nicolae_diode_quadrants
D:14:     layout_loops_ring, kennysheep_nondescript,
          nicolae_hepliaklqana_hippocampus, uniq_roxanne, uniq_rupert
Lair:1:   layout_gridlike, worms_lemuel
Lair:2:   layout_roguey, minmay_swamp_entry_reptiles,
          minmay_snake_entry_guardpost_small, chequers_serial_rivers_micro_c
Lair:3:   layout_gridlike, columned_hall_lemuel
Lair:4:   layout_loops_ring, slime_entry_1, basic_altar, minivault_26,
          chequers_serial_rivers_room_b
Lair:5:   cheibrodos_lair_end_hotspot, layout_misc_corridors,
          ebering_ghost_reflecting_pool

Skill      XL: |  1  2  3  4  5  6  7  8  9 10 11 12 13 14 |
---------------+-------------------------------------------+-----
Axes           | 4 5 6 8 9 11 13 15 17 18 19 20 | 20.0
Fighting       | 5 7 9 12 13 14 15 | 15.2
Armour         | 4 5 7 10 | 10.2
Dodging        | 3 5 7 9 10 | 10.1
Shields        | 1 5 6 7 10 | 10.3
Evocations     | 2 5 |  5.2

Action                   |  1- 3 |  4- 6 |  7- 9 | 10-12 | 13-15 || total
-------------------------+-------+-------+-------+-------+-------++-------
Melee: Hand axe          |    92 |   213 |   258 |       |       ||   563
       Headbutt          |    13 |    24 |    54 |    96 |   139 ||   326
       Punch             |     1 |     2 |     2 |       |     1 ||     6
       War axe           |       |       |    34 |    46 |       ||    80
       Battleaxe         |       |       |       |   406 |   148 ||   554
       Broad axe         |       |       |       |       |   411 ||   411
       Trident           |       |       |       |       |    51 ||    51
Invok: Trog's Hand       |       |     3 |     8 |     6 |     6 ||    23
       Berserk           |       |     1 |     3 |     3 |     2 ||     9
       Brothers in Arms  |       |       |       |       |     2 ||     2
Evoke: Wand              |       |       |       |       |     1 ||     1
  Use: Potion            |       |       |       |     1 |     2 ||     3
       Scroll            |       |       |       |     2 |    19 ||    21
Armor: Animal skin       |     2 |       |       |       |       ||     2
       Ring mail         |    16 |       |       |       |       ||    16
       Plate armour      |       |   118 |   106 |   181 |   279 ||   684
Dodge: Dodged            |    48 |    57 |    57 |   115 |   180 ||   457
Block: Kite shield       |       |       |       |       |   165 ||   165
